| TOP OF THE 1ST |
|
Kansas City Royals batting - Pitching for California Angels : RHP Erick Vazquez
|
|
Pitching: RHP Erick Vazquez
|
|
|
Batting: SHB Jose Pacheco
|
0-0: Called Strike 0-1: Foul Ball, location: 2F 0-2: Ball 1-2: Ball 2-2: Strikes out swinging
|
|
Batting: RHB Matt Belgard
|
0-0: Foul Ball, location: 2F 0-1: Fly out, F9 (Line Drive, 9LM, EV 93.1 MPH)
|
|
Batting: LHB Mike Meyerhoff
|
0-0: SOLO HOME RUN (Flyball, 7D, EV 95.6 MPH), Distance : 371 ft
|
|
Batting: RHB Mike Jaquez
|
0-0: Foul Ball, location: 2F 0-1: Ball 1-1: Foul Ball, location: 2F 1-2: Foul Ball, location: 2F 1-2: Ball 2-2: Ball 3-2: Fly out, F8 (Flyball, 8LM, EV 92.5 MPH)
|
| Top of the 1st over - 1 run, 1 hit, 0 errors, 0 left on base; Kansas City 1 - California 0 |
| BOTTOM OF THE 1ST |
|
California Angels batting - Pitching for Kansas City Royals : RHP Chris Irvin
|
|
Pitching: RHP Chris Irvin
|
|
|
Batting: RHB Bjoern Waltersson
|
0-0: SOLO HOME RUN (Flyball, 89XD, EV 100.0 MPH), Distance : 408 ft
|
|
Batting: RHB Ruben Velasco
|
0-0: Ball 1-0: Ball 2-0: Called Strike 2-1: Foul Ball, location: 2F 2-2: Ball 3-2: Hit by Pitch
|
|
Batting: RHB Preston Deakyne
|
0-0: Ball 1-0: Ball 2-0: Ball 3-0: Base on Balls Ruben Velasco to second
|
|
Batting: LHB Rusty Ney
|
0-0: Foul Ball, location: 2F 0-1: Called Strike 0-2: Ball 1-2: Strikes out swinging
|
|
Batting: LHB James McCauley
|
0-0: Ball 1-0: Foul Ball, location: 2F 1-1: Swinging Strike 1-2: Ball 2-2: Ball 3-2: Base on Balls Ruben Velasco to third Preston Deakyne to second
|
|
Batting: RHB Mike Harkins
|
0-0: Fielders Choice at 2nd, 3-6 (Groundball, 34, EV 81.2 MPH) Ruben Velasco scores Preston Deakyne to third
|
|
Batting: LHB Javier Trujillo
|
0-0: Called Strike 0-1: Fly out, F7 (Flyball, 78M, EV 86.9 MPH)
|
| Bottom of the 1st over - 2 runs, 1 hit, 0 errors, 2 left on base; Kansas City 1 - California 2 |
| TOP OF THE 2ND |
|
Kansas City Royals batting - Pitching for California Angels : RHP Erick Vazquez
|
|
Batting: LHB Roman Downey
|
0-0: SINGLE (Groundball, 56, EV 105.0 MPH) (infield hit)
|
|
Batting: SHB Gil Switzer
|
0-0: Foul Ball, location: 2F 0-1: Ball Wild Pitch! Roman Downey to second 1-1: Foul Ball, location: 2F 1-2: Ball 2-2: Foul Ball, location: 2F 2-2: Foul Ball, location: 2F 2-2: Ball 3-2: Foul Ball, location: 2F 3-2: Fly out, F9 (Line Drive, 89M, EV 88.8 MPH)
|
|
Batting: LHB Pete Hansel
|
0-0: Ball 1-0: SINGLE (Flyball, 8LS, EV 91.2 MPH) Roman Downey to third Runner from 3rd tries for Home, SAFE, throw by CF to home
|
|
Batting: RHB Mikolas Markus
|
0-0: Foul Ball, location: 2F 0-1: Swinging Strike 0-2: Ball 1-2: Strikes out swinging
|
|
Batting: LHB Manny Estrada
|
0-0: Called Strike 0-1: SINGLE (Line Drive, 56, EV 107.5 MPH) Pete Hansel to second
|
|
Batting: SHB Jose Pacheco
|
0-0: Called Strike 0-1: Ball 1-1: Ball 2-1: Ball 3-1: Called Strike 3-2: Strikes out swinging
|
| Top of the 2nd over - 1 run, 3 hits, 0 errors, 2 left on base; Kansas City 2 - California 2 |
| BOTTOM OF THE 2ND |
|
California Angels batting - Pitching for Kansas City Royals : RHP Chris Irvin
|
|
Batting: RHB Avery Maxwell
|
0-0: Ball 1-0: Fly out, F8 (Flyball, 89D, EV 98.1 MPH)
|
|
Batting: LHB Justin Alexander
|
0-0: Called Strike 0-1: Foul Ball, location: 2F 0-2: Foul Ball, location: 2F 0-2: Strikes out swinging
|
|
Batting: RHB Bjoern Waltersson
|
0-0: Ball 1-0: Swinging Strike 1-1: Fly out, F8 (Flyball, 8LS, EV 95.6 MPH)
|
| Bottom of the 2nd over - 0 runs, 0 hits, 0 errors, 0 left on base; Kansas City 2 - California 2 |
| TOP OF THE 3RD |
|
Kansas City Royals batting - Pitching for California Angels : RHP Erick Vazquez
|
|
Batting: RHB Matt Belgard
|
0-0: Foul Ball, location: 2F 0-1: Foul Ball, location: 2F 0-2: Foul Ball, location: 2F 0-2: Hit by Pitch
|
|
Batting: LHB Mike Meyerhoff
|
0-0: Ball 1-0: SINGLE (Flyball, 78S, EV 88.1 MPH) Matt Belgard to second
|
|
Batting: RHB Mike Jaquez
|
0-0: Called Strike 0-1: Called Strike 0-2: Strikes out swinging
|
|
Batting: LHB Roman Downey
|
0-0: Ball 1-0: Foul Ball, location: 2F 1-1: SINGLE (Line Drive, 7S, EV 90.0 MPH) Matt Belgard to third Mike Meyerhoff to second Runner from 3rd tries for Home, SAFE, throw by LF to home
|
|
Batting: SHB Gil Switzer
|
0-0: Called Strike 0-1: Foul Ball, location: 2F 0-2: Fly out, F9 (Flyball, 9, EV 89.4 MPH)
|
|
Batting: LHB Pete Hansel
|
0-0: Called Strike 0-1: Fly out, F7 (Line Drive, 78M, EV 96.2 MPH)
|
| Top of the 3rd over - 1 run, 2 hits, 0 errors, 2 left on base; Kansas City 3 - California 2 |
| BOTTOM OF THE 3RD |
|
California Angels batting - Pitching for Kansas City Royals : RHP Chris Irvin
|
|
Batting: RHB Ruben Velasco
|
0-0: Ball 1-0: Ball 2-0: Ball 3-0: Called Strike 3-1: Base on Balls
|
|
Batting: RHB Preston Deakyne
|
0-0: Ball 1-0: Foul Ball, location: 2F 1-1: TRIPLE (Line Drive, 8LXD, EV 111.2 MPH) Ruben Velasco scores
|
|
Batting: LHB Rusty Ney
|
0-0: Foul Ball, location: 2F 0-1: Ball 1-1: Ball 2-1: Ball 3-1: Called Strike 3-2: Fly out, F6 (Popup, 6MS, EV 84.4 MPH)
|
|
Batting: LHB James McCauley
|
0-0: Ball 1-0: Called Strike 1-1: TRIPLE (Flyball, 78XD, EV 108.8 MPH) Preston Deakyne scores
|
|
Batting: RHB Mike Harkins
|
0-0: Called Strike 0-1: Ball 1-1: Ball 2-1: Ground out U3 (Groundball, 3L, EV 88.1 MPH)
|
|
Batting: LHB Javier Trujillo
|
0-0: Ball 1-0: Ground out 6-3 (Groundball, 6MD, EV 109.4 MPH)
|
| Bottom of the 3rd over - 2 runs, 2 hits, 0 errors, 1 left on base; Kansas City 3 - California 4 |
| TOP OF THE 4TH |
|
Kansas City Royals batting - Pitching for California Angels : RHP Erick Vazquez
|
|
Batting: RHB Mikolas Markus
|
0-0: Called Strike 0-1: Foul Ball, location: 2F 0-2: Ball 1-2: Ball 2-2: Strikes out looking
|
|
Batting: LHB Manny Estrada
|
0-0: Called Strike 0-1: Foul Ball, location: 2F 0-2: Foul Ball, location: 2F 0-2: Ball 1-2: SINGLE (Line Drive, 7LS, EV 108.1 MPH)
|
|
Batting: SHB Jose Pacheco
|
0-0: Swinging Strike 0-1: Foul Ball, location: 2F 0-2: Ball 1-2: 2-RUN HOME RUN (Flyball, 89XD, EV 108.1 MPH), Distance : 404 ft
|
|
Pitching: LHP Steve Cooper
|
|
|
Batting: RHB Matt Belgard
|
0-0: Ball 1-0: Called Strike 1-1: Ball 2-1: Swinging Strike 2-2: DOUBLE (Line Drive, 9LM, EV 110.0 MPH)
|
|
Batting: LHB Mike Meyerhoff
|
0-0: Foul Ball, location: 2F 0-1: Ground out 4-3 (Groundball, 34, EV 90.0 MPH) Matt Belgard to third
|
|
Batting: RHB Mike Jaquez
|
0-0: Called Strike 0-1: DOUBLE (Line Drive, 78XD, EV 101.2 MPH) Matt Belgard scores
|
|
Batting: LHB Roman Downey
|
0-0: Swinging Strike 0-1: Fly out, F7 (Flyball, 7LM, EV 95.0 MPH)
|
| Top of the 4th over - 3 runs, 4 hits, 0 errors, 1 left on base; Kansas City 6 - California 4 |
| BOTTOM OF THE 4TH |
|
California Angels batting - Pitching for Kansas City Royals : RHP Chris Irvin
|
|
Batting: RHB Avery Maxwell
|
0-0: Ball 1-0: Ball 2-0: SINGLE (Flyball, 8RS, EV 95.0 MPH)
|
|
Batting: LHB Justin Alexander
|
0-0: Called Strike 0-1: Ball 1-1: Ball 2-1: Called Strike 2-2: Strikes out swinging
|
|
Batting: RHB Bjoern Waltersson
|
0-0: Ball 1-0: Foul Ball, location: 2F 1-1: Called Strike 1-2: Fly out, F9 (Line Drive, 9, EV 101.2 MPH)
|
|
Batting: RHB Ruben Velasco
|
0-0: Called Strike 0-1: Ball 1-1: Foul Ball, location: 2F 1-2: Strikes out swinging
|
| Bottom of the 4th over - 0 runs, 1 hit, 0 errors, 1 left on base; Kansas City 6 - California 4 |
| TOP OF THE 5TH |
|
Kansas City Royals batting - Pitching for California Angels : LHP Steve Cooper
|
|
Batting: SHB Gil Switzer
|
0-0: Ball 1-0: Ball 2-0: Called Strike 2-1: Swinging Strike 2-2: Foul Ball, location: 2F 2-2: Strikes out swinging
|
|
Batting: LHB Pete Hansel
|
0-0: Called Strike 0-1: Called Strike 0-2: Ground out U3 (Groundball, 3, EV 89.4 MPH)
|
|
Batting: RHB Mikolas Markus
|
0-0: Swinging Strike 0-1: Ground out 5-3 (Groundball, 5, EV 88.8 MPH)
|
| Top of the 5th over - 0 runs, 0 hits, 0 errors, 0 left on base; Kansas City 6 - California 4 |
| BOTTOM OF THE 5TH |
|
California Angels batting - Pitching for Kansas City Royals : RHP Chris Irvin
|
|
Batting: RHB Preston Deakyne
|
0-0: Ball 1-0: Swinging Strike 1-1: Ball 2-1: Foul Ball, location: 2F 2-2: Ball 3-2: Base on Balls
|
|
Batting: LHB Rusty Ney
|
0-0: Ball 1-0: Ball 2-0: SINGLE (Line Drive, 89S, EV 105.6 MPH) Preston Deakyne to second
|
|
Batting: LHB James McCauley
|
0-0: Called Strike 0-1: SINGLE (Line Drive, 34D, EV 102.5 MPH) Preston Deakyne to third Rusty Ney to second
|
|
Batting: RHB Mike Harkins
|
0-0: Grounds into double play, 4-6-3 (Groundball, 4, EV 98.8 MPH) Preston Deakyne scores Rusty Ney to third
|
|
Pitching: LHP John Hall
|
|
|
Pinch Hitting: RHB Luis Romero
|
0-0: Foul Ball, location: 2F 0-1: Called Strike 0-2: SINGLE (Groundball, 4MD, EV 95.6 MPH) Rusty Ney scores
|
|
Batting: RHB Avery Maxwell
|
0-0: Ball 1-0: Foul Ball, location: 2F 1-1: Ball 2-1: Ball 3-1: Called Strike 3-2: Base on Balls Luis Romero to second
|
|
Pinch Hitting: RHB Alain Delhaye
|
0-0: Ball 1-0: Called Strike 1-1: Ball 2-1: SINGLE (Flyball, 5D, EV 101.2 MPH) Luis Romero to third Avery Maxwell to second Runner from 3rd tries for Home, SAFE, throw by LF to home
|
|
Batting: RHB Bjoern Waltersson
|
0-0: Ball 1-0: Called Strike 1-1: Called Strike 1-2: Strikes out swinging
|
| Bottom of the 5th over - 3 runs, 4 hits, 0 errors, 2 left on base; Kansas City 6 - California 7 |
| TOP OF THE 6TH |
|
Kansas City Royals batting - Pitching for California Angels : LHP Steve Cooper
|
|
Now at 1B: Luis Romero
|
|
|
Now at SS: Alain Delhaye
|
|
|
Pinch Hitting: RHB Imbart Faber
|
0-0: Ball 1-0: Ground out 5-3 (Groundball, 5, EV 80.0 MPH)
|
|
Batting: SHB Jose Pacheco
|
0-0: Ball 1-0: Foul Ball, location: 2F 1-1: TRIPLE (Flyball, 89XD, EV 106.9 MPH)
|
|
Batting: RHB Matt Belgard
|
0-0: Foul Ball, location: 2F 0-1: SINGLE (Groundball, 56, EV 103.8 MPH) Jose Pacheco scores
|
|
Batting: LHB Mike Meyerhoff
|
0-0: Ball 1-0: Swinging Strike 1-1: Ball 2-1: Foul Ball, location: 2F 2-2: SINGLE (Groundball, 4MD, EV 98.8 MPH) (infield hit) Matt Belgard to second
|
|
Batting: RHB Mike Jaquez
|
0-0: Swinging Strike 0-1: Ball 1-1: Foul Ball, location: 2F 1-2: Strikes out swinging
|
|
Batting: LHB Roman Downey
|
0-0: Called Strike 0-1: Swinging Strike 0-2: Ball 1-2: Ball 2-2: Foul Ball, location: 2F 2-2: SINGLE (Line Drive, 8LS, EV 107.5 MPH) Matt Belgard to third Mike Meyerhoff to second
|
|
Pitching: RHP Bryan Banana
|
|
|
Batting: SHB Gil Switzer
|
0-0: Foul Ball, location: 2F 0-1: DOUBLE (Flyball, 78D, EV 92.5 MPH) Matt Belgard scores Mike Meyerhoff scores Roman Downey to third Runner from 3rd tries for Home, SAFE, throw by LF to home
|
|
Batting: LHB Pete Hansel
|
0-0: Called Strike 0-1: Swinging Strike 0-2: Strikes out swinging
|
| Top of the 6th over - 4 runs, 5 hits, 0 errors, 1 left on base; Kansas City 10 - California 7 |
| BOTTOM OF THE 6TH |
|
California Angels batting - Pitching for Kansas City Royals : LHP John Hall
|
|
Now at 1B: Justin Rupert
|
|
|
Batting: RHB Ruben Velasco
|
0-0: Foul Ball, location: 2F 0-1: Called Strike 0-2: Ball 1-2: Ball 2-2: Ball 3-2: Foul Ball, location: 2F 3-2: Foul Ball, location: 2F 3-2: Strikes out looking
|
|
Batting: RHB Preston Deakyne
|
0-0: Called Strike 0-1: Ball 1-1: Ball 2-1: Ball 3-1: Foul Ball, location: 2F 3-2: Fly out, F8 (Flyball, 8LM, EV 75.0 MPH)
|
|
Batting: LHB Rusty Ney
|
0-0: Ball 1-0: Fly out, F8 (Flyball, 8RS, EV 91.2 MPH)
|
| Bottom of the 6th over - 0 runs, 0 hits, 0 errors, 0 left on base; Kansas City 10 - California 7 |
| TOP OF THE 7TH |
|
Kansas City Royals batting - Pitching for California Angels : RHP Bryan Banana
|
|
Batting: RHB Mikolas Markus
|
0-0: Ball 1-0: Foul Ball, location: 2F 1-1: Foul Ball, location: 2F 1-2: DOUBLE (Flyball, 8RD, EV 106.2 MPH)
|
|
Batting: LHB Justin Rupert
|
0-0: Ball 1-0: Ball 2-0: Called Strike 2-1: Ball 3-1: Fly out, F7 (Flyball, 7, EV 86.9 MPH)
|
|
Batting: SHB Jose Pacheco
|
0-0: Ball 1-0: Ball 2-0: Fly out, F8 (Line Drive, 78D, EV 94.4 MPH)
|
|
Batting: RHB Matt Belgard
|
0-0: Ball 1-0: Fly out, F8 (Flyball, 8LM, EV 83.8 MPH)
|
| Top of the 7th over - 0 runs, 1 hit, 0 errors, 1 left on base; Kansas City 10 - California 7 |
| BOTTOM OF THE 7TH |
|
California Angels batting - Pitching for Kansas City Royals : LHP John Hall
|
|
Pitching: RHP David Silva
|
|
|
Batting: LHB James McCauley
|
0-0: Ball 1-0: Foul Ball, location: 2F 1-1: Hit by Pitch
|
|
Batting: RHB Mike Harkins
|
0-0: Called Strike 0-1: Called Strike 0-2: Strikes out looking
|
|
Batting: RHB Luis Romero
|
0-0: Grounds into double play, 4-6-3 (Groundball, 4, EV 88.1 MPH)
|
| Bottom of the 7th over - 0 runs, 0 hits, 0 errors, 0 left on base; Kansas City 10 - California 7 |
| TOP OF THE 8TH |
|
Kansas City Royals batting - Pitching for California Angels : RHP Bryan Banana
|
|
Pitching: LHP Riichi Yamashita
|
|
|
Batting: LHB Mike Meyerhoff
|
0-0: Ball 1-0: Foul Ball, location: 2F 1-1: Ground out U3 (Groundball, 34S, EV 85.6 MPH)
|
|
Batting: RHB Mike Jaquez
|
0-0: Ball 1-0: Swinging Strike 1-1: Ball 2-1: Ball 3-1: Called Strike 3-2: Foul Ball, location: 2F 3-2: SINGLE (Line Drive, 8RS, EV 98.1 MPH)
|
|
Batting: LHB Roman Downey
|
0-0: Fielders Choice at 2nd, 2-6 (Groundball, 13S, EV 68.8 MPH)
|
|
Batting: SHB Gil Switzer
|
0-0: Ball 1-0: Foul Ball, location: 2F 1-1: Fly out, F7 (Flyball, 7S, EV 80.0 MPH)
|
| Top of the 8th over - 0 runs, 1 hit, 0 errors, 1 left on base; Kansas City 10 - California 7 |
| BOTTOM OF THE 8TH |
|
California Angels batting - Pitching for Kansas City Royals : RHP David Silva
|
|
Batting: RHB Avery Maxwell
|
0-0: Ball 1-0: Foul Ball, location: 2F 1-1: Foul Ball, location: 2F 1-2: Strikes out looking
|
|
Batting: RHB Alain Delhaye
|
0-0: Ball 1-0: Called Strike 1-1: Ball 2-1: Foul Ball, location: 2F 2-2: Fly out, F7 (Flyball, 7LS, EV 78.8 MPH)
|
|
Batting: RHB Bjoern Waltersson
|
0-0: Ball 1-0: Foul Ball, location: 2F 1-1: Ball 2-1: Foul Ball, location: 2F 2-2: Strikes out swinging
|
| Bottom of the 8th over - 0 runs, 0 hits, 0 errors, 0 left on base; Kansas City 10 - California 7 |
| TOP OF THE 9TH |
|
Kansas City Royals batting - Pitching for California Angels : LHP Riichi Yamashita
|
|
Batting: LHB Pete Hansel
|
0-0: Foul Ball, location: 2F 0-1: Ball 1-1: Called Strike 1-2: Strikes out looking
|
|
Batting: RHB Mikolas Markus
|
0-0: Ball 1-0: Called Strike 1-1: Fly out, F9 (Flyball, 9, EV 77.5 MPH)
|
|
Batting: LHB Justin Rupert
|
0-0: Fly out, F7 (Flyball, 7D, EV 98.1 MPH)
|
| Top of the 9th over - 0 runs, 0 hits, 0 errors, 0 left on base; Kansas City 10 - California 7 |
| BOTTOM OF THE 9TH |
|
California Angels batting - Pitching for Kansas City Royals : RHP David Silva
|
|
Pitching: RHP Asa Hahn
|
|
|
Batting: RHB Ruben Velasco
|
0-0: Ball 1-0: Ball 2-0: Called Strike 2-1: Ball 3-1: Foul Ball, location: 2F 3-2: Strikes out swinging
|
|
Batting: RHB Preston Deakyne
|
0-0: Ball 1-0: Ball 2-0: Ball 3-0: Called Strike 3-1: Base on Balls
|
|
Batting: LHB Rusty Ney
|
0-0: Called Strike 0-1: Ball 1-1: Ball 2-1: Called Strike 2-2: Grounds into double play, 4-6-3 (Groundball, 4, EV 88.8 MPH)
|
| Bottom of the 9th over - 0 runs, 0 hits, 0 errors, 0 left on base; Kansas City 10 - California 7 |
|